Workbook
Name _1__123Graph_Aｸﾞﾗﾌ_7: #REF!
Name _112233: #REF!
Name _112277: #REF!
Name _12__123Graph_BCHART_5: [1]MEX95IB!#REF!
Name _1222: #REF!
Name _13__123Graph_Bｸﾞﾗﾌ_7: #REF!
Name _14__123Graph_Cｸﾞﾗﾌ_7: #REF!
Name _15__123Graph_Dｸﾞﾗﾌ_7: #REF!
Name _16__123Graph_Eｸﾞﾗﾌ_7: #REF!
Name _17__123Graph_Fｸﾞﾗﾌ_7: #REF!
Name _21: #REF!
Name _25: #REF!
Name _29: #REF!
Name _456: {0,#N/A,FALSE,0;0,#N/A,FALSE,0;0,#N/A,FALSE,0;0,#N/A,FALSE,0;0,#N/A,FALSE,0;0,#N/A,FALSE,0}
Name _456: {0,#N/A,FALSE,0;0,#N/A,FALSE,0;0,#N/A,FALSE,0;0,#N/A,FALSE,0;0,#N/A,FALSE,0;0,#N/A,FALSE,0}
Name _Fill: #REF!
Name _NDC1: {"'内訳表'!$B$2:$N$64"}
Name _NDC1: {"'内訳表'!$B$2:$N$64"}
Name _Order1: 0
Name _Order2: 255
Name a1_Y1: [2]CONFIGURACIÓN!$D$17
Name a1_Y2: [2]CONFIGURACIÓN!$E$17
Name a10_Y10: [2]CONFIGURACIÓN!$M$26
Name a10_Y11: [2]CONFIGURACIÓN!$N$26
Name a2_Y2: [2]CONFIGURACIÓN!$E$18
Name a2_Y3: [2]CONFIGURACIÓN!$F$18
Name a3_Y3: [2]CONFIGURACIÓN!$F$19
Name a3_Y4: [2]CONFIGURACIÓN!$G$19
Name a4_Y4: [2]CONFIGURACIÓN!$G$20
Name a4_Y5: [2]CONFIGURACIÓN!$H$20
Name a5_Y5: [2]CONFIGURACIÓN!$H$21
Name a5_Y6: [2]CONFIGURACIÓN!$I$21
Name a6_Y6: [2]CONFIGURACIÓN!$I$22
Name a6_Y7: [2]CONFIGURACIÓN!$J$22
Name a7_Y7: [2]CONFIGURACIÓN!$J$23
Name a7_Y8: [2]CONFIGURACIÓN!$K$23
Name a8_Y8: [2]CONFIGURACIÓN!$K$24
Name a8_Y9: [2]CONFIGURACIÓN!$L$24
Name a9_Y10: [2]CONFIGURACIÓN!$M$25
Name a9_Y9: [2]CONFIGURACIÓN!$L$25
Name aaaa: #REF!
Name ABF: #REF!
Name AccessDatabase: "C:\My Documents\New MMR\INPUT.mdb"
Name ACCV: #REF!
Name ADSF: #REF!
Name afdgbva: {#N/A,#N/A,TRUE,"Report"}
Name afdgbva: {#N/A,#N/A,TRUE,"Report"}
Name aga: {#N/A,#N/A,TRUE,"Report"}
Name aga: {#N/A,#N/A,TRUE,"Report"}
Name AGHFD: #REF!
Name ALMUERZO: '[3]Resumen Preparaciones'!$C$52:$C$113
Name almuerzocena: '[3]Resumen Preparaciones'!$C$52:$C$141
Name año1: [2]CONFIGURACIÓN!$F$9
Name APLICA: #REF!
Name APLICA.: #REF!
Name ATGHH: #REF!
Name AVBC: #REF!
Name AXCC: #REF!
Name AXX: #REF!
Name Aグラフ: #REF!

Sheet Ofertas Recibidas
D2: República de Colombia
D3: Instituto Colombiano de Antropología e Historia Proceso de Mínima Cuantía No. MC-ICANH-009-2026
D4: OFERTAS RECIBIDAS
B6: Objeto | D6: Suministro a monto agotable de combustible para los vehículos, la maquinaria y herramientas de propiedad del ICANH ubicados en el Parque Arqueológico San Agustín - Huila.
B8: Precio Techo Oferta | D8: 27850
B10: OFERTA | C10: EMPRESA | F10: VALOR OFERTADO | H10: OBSERVACIÓN | I10: NOTA
B11: Oferta 1 | C11: Carmenza Calderon Lasso | F11: ='01'!J22 -> 27850 | H11: CUMPLE | I11: El valor ofertado se encuentra dentro del rango permitido respecto del presupuesto oficial, por lo que cumple económicamente y no configura presunción de precio artificialmente bajo.
C13: EVALUADOR ECONOMICO
C14: NOMBRE DEL PROFESIONAL | E14: NELSON JAVIER ARGUELLEZ PALACIOS
C15: CARGO | E15: CONTRATISTA

Sheet Posiciones
C2: República de Colombia
C3: =+'Ofertas Recibidas'!D3 -> Instituto Colombiano de Antropología e Historia Proceso de Mínima Cuantía No. MC-ICANH-009-2026
C4: Posiciones
B6: Objeto | C6: =+'Ofertas Recibidas'!D6 -> Suministro a monto agotable de combustible para los vehículos, la maquinaria y herramientas de propiedad del ICANH ubicados en el Parque Arqueológico San Agustín - Huila.
B8: Posición | C8: Oferta | D8: EMPRESA | E8: VALOR OFERTADO
B9: Posición 1 | C9: Oferta 1 | D9: =+'Ofertas Recibidas'!C11 -> Carmenza Calderon Lasso | E9: =+'Ofertas Recibidas'!F11 -> 27850
B11: =+'Ofertas Recibidas'!C13 -> EVALUADOR ECONOMICO
B12: =+'Ofertas Recibidas'!C14 -> NOMBRE DEL PROFESIONAL | D12: =+'Ofertas Recibidas'!E14 -> NELSON JAVIER ARGUELLEZ PALACIOS
B13: =+'Ofertas Recibidas'!C15 -> CARGO | D13: =+'Ofertas Recibidas'!E15 -> CONTRATISTA

Sheet Precios Artif Bajos
C2: República de Colombia
C3: =+Posiciones!C3 -> Instituto Colombiano de Antropología e Historia Proceso de Mínima Cuantía No. MC-ICANH-009-2026
C4: Solicitud Aclaración Precios Artificialmente Bajos
B6: El Instituto Colombiano de Antropología e Historia ICANH, en virtud de lo establecido en el INVITACIÓN PÚBLICA No. MC-ICANH-009-2026, cuyo objeto es “Suministro a monto agotable de combustible para los vehículos, la maquinaria y herramientas de propiedad del ICANH ubicados en el Parque Arqueológico San Agustín - Huila.”, realiza la revisión de los precios ofertados por los proponentes:
B7: =+'Ofertas Recibidas'!B11 -> Oferta 1 | C7: =+Posiciones!B9 -> Posición 1 | D7: =+Posiciones!D9 -> Carmenza Calderon Lasso
B9: con base en el siguiente análisis:
B10: Dentro de la GUÍA PARA EL MANEJO DE OFERTAS ARTIFICIALMENTE BAJAS EN PROCESOS DE CONTRATACIÓN diseñada por la Colombia Compra Eficiente se establece:
B11: “2.1.1. Comparación Absoluta: Se recomienda su utilización cuando desde la fase de planeación existe claridad sobre el precio o costos para la entrega de los bienes, servicios u obras que se están contratando, y cuando en el desarrollo del proceso de selección recibe menos de 5 ofertas. Para la comparación, la entidad contrasta la variación del valor de cada oferta con el costo estimado de la provisión del bien o servicio de acuerdo con el Estudio del Sector, para lo cual podrá utilizar la siguiente fórmula:
B14: Donde Vo es la variación de la oferta del proveedor con respecto al precio estimado por la Entidad Estatal P es el precio estimado por la entidad estatal o es el precio ofrecido por el proponente La Entidad Estatal debe solicitar aclaración a los proponentes ofertas cuyo valor es menor o igual que el 20% del costo total estimado por la Entidad Estata
B16: Presupuesto | C16: =+'Ofertas Recibidas'!D8 -> 27850
B17: Minimo Aceptable (80%) | C17: =+C16*(1-20%) -> 22280
B19: OFERENTE | D19: VALOR OFERTA | E19: VARIACIÓN RESPECTO AL PRESUPUESTO | F19: SE REQUIERE?
B20: =+'Ofertas Recibidas'!C11 -> Carmenza Calderon Lasso | D20: =+'Ofertas Recibidas'!F11 -> 27850 | E20: =+(($C$16-D20)/$C$16)*100% -> 0 | F20: No
B22: De acuerdo con la metodología establecida por la Agencia Nacional de Contratación Pública – Colombia Compra Eficiente, se aplicó el método de comparación absoluta, el cual determina que se debe solicitar aclaración al proponente únicamente cuando el valor total de la oferta se ubique por debajo del ochenta por ciento (80%) del presupuesto oficial, por presunción de precios artificialmente bajos. Revisada la propuesta presentada, se evidencia que los valores ofertados se encuentran dentro del rango comprendido entre el ochenta por ciento (80%) y el cien por ciento (100%) del presupuesto oficial estimado por la Entidad. En consecuencia, no se configura la presunción de oferta con valor artificialmente bajo y, por tanto, no procede requerimiento de justificación técnica, financiera ni económica en los términos del artículo 2.2.1.1.2.2.4 del Decreto 1082 de 2015 ni la aplicación de alguna causal de rechazo
B24: =+Posiciones!B11 -> EVALUADOR ECONOMICO
B25: =+Posiciones!B12 -> NOMBRE DEL PROFESIONAL | D25: =+Posiciones!D12 -> NELSON JAVIER ARGUELLEZ PALACIOS
B26: =+Posiciones!B13 -> CARGO | D26: =+Posiciones!D13 -> CONTRATISTA

Sheet 01
D2: República de Colombia
D3: Instituto Colombiano de Antropología e Historia
D5: Formato oferta económica
B7: Objeto | D7: Suministro de combustible para los vehículos, maquinaria y herramientas de propiedad del Icanh ubicados en el parque arqueológico San Agustín – Huila, mediante la modalidad de valeras.
B8: Nombre o Razón Social | D8: CARMENZA CALDERON LASSO | G8: NIT | J8: 36280462
B9: Persona de contacto | D9: CARMENZA CALDERON LASSO | G9: Teléfono celular | J9: 3214597805
B10: Correo electrónico | D10: surandinahuila@hotmail.com | G10: Teléfono fijo
B12: Instrucciones para el diligenciamiento de la propuesta
B14: • Por favor diligenciar solo las celdas en AZUL. • Los precios unitarios deberán ser expresado en PESOS COLOMBIANOS y en números entreros • El formato contiene los insumos de costos estimados por el Instituto por lo tanto no se permite modificar, agregar o quitar ningún ítem o sub-ítem. • Para la estructuración de la propuesta por favor tener en cuenta el documento anexo "Ficha técnica" • Los precios deberán aproximarse por exceso o por defecto al entero más cercano así: (i) si es igual o superior a 50 centavos, se aproxima al entero siguiente; (ii) si es inferior a 50 centavos se baja al entero anterior. • Los precios unitarios deben contemplar todos los rubros requeridos para la adecuada prestación del servicio y el cumplimiento de las obligaciones contractuales como lo son la trazabilidad del servicio, equipo mínimo, entre otros aspectos técnicos. • Los precios unitarios ofertados no pueden superar los precios techo establecidos. • Ningún ítem de la propuesta económica debe ser diligenciado con cero (0), so pena de ser rechazada.
B16: Notas: (1) Los valores unitarios deben incluir todos los costos y gastos directos e indirectos en que incurre el contratista durante la ejecución del contrato de acuerdo con las especificaciones de la ficha técnica, las obligaciones tributarias de acuerdo con las normas aplicables para el tipo de servicio y contrato correspondiente. (2) Es importante tener en cuenta que para el suministros de los ítems requeridos se debe contemplar la entrega de estos en las instalaciones establecidas; además de las demás especificaciones técnica las cuales se encuentran establecidos en la ficha técnica adjunta al presente formato de oferta económica. Lo anterior se aclara con el fin de que como proponente tenga en consideración todos estos aspectos técnicos para el establecimiento de precios unitarios a cotizar. (3) Instalaciones: Parque Arqueológico San Agustín – Huila. (4) Se recuerda que para efectos del suministro de los requerimientos, se realizan por medio del suministro de vales debidamente numerados para combustible de acuerdo con la ficha técnica. (5) Se debe tener en cuenta para la propuesta de los valores unitarios de los ítems requeridos, las regulaciones del Gobierno Nacional, específicamente, las expedidas por el Ministerio de Minas y Energía. Lo anterior, para el ítem para el cual aplique. (6) Por favor diligenciar el porcentaje de descuento que aplicarán para los precios unitarios ofertados durante la ejecución. Se recuerda que los precios unitarios ofertados están sujetos a variación debido a la fluctuación en el precio de combustible de acuerdo con las regulaciones del Ministerio de Minas y Energía. En caso de un nuevo incremento en los precios de los combustibles, se tendrá en cuenta el precio unitario de la nueva circular que expida el gobierno nacional
B18: No. | C18: Requerimiento | D18: Descripción | F18: Unidad de medida | G18: Cantidad requerida | H18: Precio techo | I18: Porcentaje de descuento | J18: Precio unitario con descuento
B19: 1 | C19: Gasolina corriente | D19: Octanaje promedio de 86-87 octanos, destilación punto final de ebullición de 225°C y 32°C en API. (65% CONSUMO TOTAL APROXIMADO) | F19: Galón | G19: 1 | H19: 16280 | I19: 0 | J19: =ROUND(H19*(1-I19),0) -> 16280
B20: 2 | C20: ACPM | D20: Índice de acetato igual a 47, destilación punto final de ebullición de 370° en API. (35% DEL CONSUMO APROXIMADO) | F20: Galón | G20: 1 | H20: 11570 | J20: =ROUND(H20*(1-I19),0) -> 11570
B22: SUMATORIO DE PRECIOS UNITARIOS IVA INCLUIDO | J22: =SUM(J19:J20) -> 27850
B24: PRESUPUESTO OFICIAL
B25: 9000000
B31: FIRMA REPRESENTANTE LEGAL
